 Dungeon Crawl Stone Soup version 0.31.0-32-g396128a36d (webtiles) character file.

Game seed: 4379101052491231695

65 Ayakakio the Shooter (level 3, -1/30 HPs)
             Began as a Minotaur Hunter on Mar 15, 2024.
             Was a Follower of Fedhas.
             Killed by nerve-wracking pain
             ... invoked by an orc priest
              (13 damage)
             ... on level 3 of the Dungeon.
             The game lasted 00:08:05 (1613 turns).

Ayakakio the Shooter (Minotaur Hunter)              Turns: 1613, Time: 00:08:05

Health: -1/30      AC:  4    Str: 15    XL:     3   Next: 94%
Magic:  2/2        EV: 12    Int:  6    God:    Fedhas [*.....]
Gold:   133        SH:  0    Dex: 15    Spells: 2/2 levels left

rFire   . . .        a - +0 shortbow
rCold   . . .        (shield currently unavailable)
rNeg    . . .        c - +1 leather armour
rPois   .            (helmet restricted)
rElec   .            (no cloak)
rCorr   .            (no gloves)
SInv    .            (no boots)
Will    .....        (no amulet)
Stlth   +            h - ring of wizardry
HPRegen 0.25/turn    (no ring)
MPRegen 0.08/turn

%: wizardry (x1)
@: no status effects
A: horns 2, retaliatory headbutt
a: Renounce Religion


You were on level 3 of the Dungeon.
You worshipped Fedhas.
Fedhas was aware of your devotion.
You visited 1 branch of the dungeon, and saw 3 of its levels.

You collected 133 gold pieces.

Inventory:

Hand Weapons
 a - a +0 shortbow (weapon)
Armour
 c - a +1 leather armour (worn)
Jewellery
 h - a ring of wizardry (left hand)
Scrolls
 b - a scroll of butterflies
 d - a scroll of fear {unknown}
 e - a scroll of poison
 i - 3 scrolls of blinking
 k - a scroll of identify
 l - 2 scrolls of teleportation
Potions
 f - a potion of cancellation {unknown}
 g - a potion of berserk rage
 j - a potion of haste {unknown}


   Skills:
 + Level 2.4 Fighting
 * Level 5.7 Ranged Weapons
 + Level 1.9 Armour
 + Level 2.2 Dodging
 + Level 0.8 Stealth


You had 2 spell levels left.
You didn't know any spells.
Your spell library contained the following spells:

 Spells                   Type           Power      Damage    Failure   Level
 Cigotuvi's Dreadful Rot  Necr/Alch/Air  0%         N/A       34%         2
 Sublimation of Blood     Necr           0%         N/A       34%         2
 Ignite Poison            Fire/Alch      0%         N/A       91%         4
 Petrify                  Alch/Erth      0%         N/A       91%         4
 Freezing Cloud           Conj/Ice/Air   0%         6-21      99%         5
 Irradiate                Conj/Alch      0%         3d11      99%         5


Dungeon Overview and Level Annotations

Branches:
Dungeon (3/15)

Altars:
Ashenzari
Fedhas


Innate Abilities, Weirdness & Mutations

You have a pair of horns on your head.
You reflexively headbutt those who attack you in melee.


Message History

Aim: an orc, wielding a +0 war axe and quivering stones (62% to hit)
You shoot an arrow.
The arrow hits the orc but does no damage.
Unknown command.
The orc throws a stone.
The stone completely misses you.
The orc priest looks braver for a moment.
You see here a quokka corpse.
The orc priest calls down the wrath of Beogh upon you.
Beogh smites you!
You see here a +0 long sword.
The orc priest looks braver for a moment.
The orc priest casts a cantrip, but nothing happens.
You see here a +0 leather armour.
The orc barely misses you. The orc attacks as it pursues you!
The orc completely misses you. You furiously retaliate!
You headbutt the orc!
You kill the orc!
Fedhas appreciates your contribution to the ecosystem.
The orc hits you but does no damage. The orc closely misses you.
The orc barely misses you.
You see here a ball python corpse.
The orc closely misses you. The orc priest barely misses you.
You shoot an arrow. The arrow hits the orc priest.
The orc priest is moderately wounded.
The orc closely misses you.
The orc priest begins to cast a cantrip, but forgets the words!
You shoot an arrow. The arrow hits the orc priest.
The orc priest is heavily wounded.
The orc hits you but does no damage.
The orc priest invokes the aid of Beogh against you.
Beogh smites you! The orc hits you but does no damage.
You see here a ball python corpse.
The orc attacks as it pursues you! The orc barely misses you.
The orc throws a stone.
The stone closely misses you.
The orc priest invokes the aid of Beogh against you.
Pain shoots through your body!
You die...
Fedhas appreciates your contribution to the ecosystem.

####### #.....#### #.###....#
###### #.######.#### #....#
............########....#
..##.....#.@...)[.#....#
#.##.[.......o....#....#
##....###.#...o..<.#....#
...##..>...#...........#
##.#..##........#.#....#
#...####...#...#.#....# ##
#####.###...#.#...#.#....#
..##.....#...###.....#.#....#
.....###....## ###...#.######


You could see an orc priest and an orc.

Vanquished Creatures
  2 adders
  3 orcs (D:3)
  7 ball pythons
  6 endoplasms
  3 hobgoblins
  6 kobolds
  A quokka (D:3)
  5 bats
  A frilled lizard (D:1)
  4 goblins (D:1)
  4 rats
42 creatures vanquished.

Notes
Turn   | Place    | Note
-------+----------+-------------------------------------------
     0 | D:1      | Ayakakio the Minotaur Hunter began the quest for the Orb.
     0 | D:1      | Reached XP level 1. HP: 18/18 MP: 0/0
   136 | D:1      | Reached XP level 2. HP: 25/25 MP: 1/1
   180 | D:1      | Reached skill level 5 in Ranged Weapons
  1087 | D:2      | Reached XP level 3. HP: 24/30 MP: 2/2
  1093 | D:2      | Reached skill level 1 in Armour
  1103 | D:2      | Found a broken altar of Ashenzari.
  1398 | D:3      | Found a faded altar of an unknown god.
  1401 | D:3      | Prayed at the altar of an unknown god.
  1401 | D:3      | Became a worshipper of Fedhas Madash
  1401 | D:3      | Reached * piety under Fedhas
  1613 | D:3      | Killed from afar by an orc priest

Illustrated notes

Levels and vault maps discovered:
D:1:      shiori_shiawase, layout_basic, skrybe_limestone_x, minmay_tripent
D:2:      layout_basic, basic_altar, minmay_misc_feat_five
D:3:      layout_rooms, nicolae_ecumenical_oubliette

Skill      XL: |  1  2  3 |
---------------+----------+-----
Ranged Weapons | 5 |  5.7
Armour         | 1 |  1.9
Fighting       | |  2.4
Dodging        | |  2.2
Stealth        | |  0.8

Action                     || total
---------------------------++-------
  Melee: Shortbow          ||     1
         Headbutt          ||     1
   Fire: Shortbow          ||   101
    Use: Scroll            ||     8
         Potion            ||     4
 Armour: Leather armour    ||    20
  Dodge: Dodged            ||    39
